 Dungeon Crawl Stone Soup version 0.29-a0-1014-ga8c0faee3b (webtiles) character file.

Game seed: 6554237817225373902

4563 PentaManta the Grappler (level 10, -10/94 HPs)
             Began as a Ghoul Monk on Aug 9, 2022.
             Was a High Priest of Okawaru.
             Mangled by Erolcha
             ... wielding a +0 giant spiked club
              (27 damage)
             ... on level 9 of the Dungeon.
             The game lasted 00:16:15 (9971 turns).

PentaManta the Grappler (Ghoul Monk)                Turns: 9971, Time: 00:16:15

Health: -10/94     AC:  8    Str: 26    XL:     10   Next: 40%
Magic:  9/9        EV: 11    Int:  5    God:    Okawaru [*****.]
Gold:   511        SH:  5    Dex: 11    Spells: 9/9 levels left

rFire   . . .      SeeInvis +     - Unarmed
rCold   + . .      Faith    .   L - +0 buckler
rNeg    + + +      Spirit   .   W - +0 ring mail
rPois   ∞          Reflect  .   d - +0 helmet
rElec   .          Harm     .   q - +1 cloak
rCorr   .          Rampage  .   (no gloves)
Will    .....                   (no boots)
Stlth   +.........              (no amulet)
HPRegen 0.00/turn               k - ring of see invisible
MPRegen 0.11/turn               G - +6 ring of strength

@: inhibited regen
A: claws 1, cold resistance 1, negative energy resistance 3, inhibited
regeneration, torment resistance 2, devour on kill
a: Renounce Religion, Heroism, Finesse, Duel


You were on level 9 of the Dungeon.
You worshipped Okawaru.
Okawaru was extremely pleased with you.
You visited 2 branches of the dungeon, and saw 10 of its levels.
You visited the Abyss 1 time.

You collected 511 gold pieces.

Inventory:

Hand Weapons
 E - a +2 hand axe of flaming
 H - a +1 short sword of venom
Missiles
 o - 36 poisoned darts (quivered)
 p - 9 javelins
 B - 10 boomerangs
 N - 5 curare-tipped darts
Armour
 a - a +0 robe
 d - a +0 helmet (worn)
 e - a +0 leather armour
 i - a +0 cloak
 q - a +1 cloak (worn)
 x - a +0 plate armour
 L - a +0 buckler (worn)
 O - a +0 chain mail
 V - a +0 pair of gloves
 W - a +0 ring mail (worn)
 X - an orb of mayhem
Jewellery
 k - a ring of see invisible (left claw)
 G - a +6 ring of strength (right claw)
 I - a ring of magical power
 J - a ring of magical power
 Q - a ring of magical power
 S - a ring of resist corrosion
Wands
 l - a wand of polymorph (14)
 r - a wand of charming (7)
 w - a wand of roots (23)
 R - a wand of flame (18)
Scrolls
 j - a scroll of immolation {unknown}
 m - a scroll of magic mapping
 n - a scroll of poison
 s - 2 scrolls of blinking
 u - 2 scrolls of enchant weapon {unknown}
 v - a scroll of brand weapon {unknown}
 y - a scroll of amnesia {unknown}
 A - a scroll of noise {unknown}
 C - a scroll of fear {unknown}
 F - 2 scrolls of teleportation {unknown}
 M - a scroll of fog {unknown}
 T - 2 scrolls of identify
 Z - a scroll of torment {unknown}
Potions
 b - 3 potions of ambrosia
 c - 3 potions of cancellation
 f - a potion of lignification {unknown}
 g - 2 potions of flight
 h - 3 potions of degeneration
 t - 4 potions of brilliance
 z - 3 potions of mutation
 D - a potion of resistance {unknown}
 K - 3 potions of attraction
 P - 3 potions of heal wounds {unknown}
 U - 2 potions of curing
 Y - a potion of invisibility {unknown}


   Skills:
 + Level 10.7 Fighting
 * Level 3.1 Armour
 - Level 2.6 Dodging
 - Level 2.1 Stealth
 - Level 5.0 Shields
 - Level 11.0 Unarmed Combat


You had 9 spell levels left.
You didn't know any spells.
Your spell library contained the following spells:

 Spells                   Type           Power      Damage    Failure   Level
 Sting                    Tmut/Pois      0%         1d3       71%         1
 Poisonous Vapours        Pois/Air       0%         N/A       83%         2
 Olgreb's Toxic Radiance  Pois           0%         N/A       100%        4
 Irradiate                Conj/Tmut      0%         3d11      100%        5
 Blade Hands              Tmut           Unusable   N/A       N/A         5
 Dragon Form              Tmut           Unusable   N/A       N/A         7

Dungeon Overview and Level Annotations

Branches:
Dungeon (9/15)             Temple (1/1) D:7
   Lair: D:8-11         Orc: D:9-12

Altars:
Ashenzari
Cheibriados
Dithmenos
Fedhas
Gozag
Hepliaklqana
Kikubaaqudgha
Makhleb
Nemelex Xobeh
Okawaru
Qazlal
Ru
Sif Muna
Trog
Uskayaw
Vehumet
Wu Jian
Xom
Yredelemnul

Shops:
D:7 *   D:9 =

Portals:
Abyss: D:9

Annotations:
D:9 2 transporters, Erolcha; hackon's ghost, journeyman DjAE


Innate Abilities, Weirdness & Mutations

You are immune to poison.
You have sharp fingernails.
Your flesh is cold resistant. (rC+)
You are immune to negative energy. (rN+++)
You do not regenerate when monsters are visible.
You are immune to unholy pain and torment.
You thrive by killing the living.


Message History

You claw the water moccasin!
You kill the water moccasin!
Okawaru accepts your kill.
Your base Armour skill increases to level 3!
Unknown command.
You feel like a meek peon again. Erolcha closely misses you.
You see here a water moccasin corpse.
You claw Erolcha!
Erolcha is moderately wounded.
Erolcha hits you with a +0 giant spiked club!!
You claw Erolcha!
Erolcha is heavily wounded.
You scratch Erolcha.
Erolcha is heavily wounded.
Erolcha mumbles some strange words.
Erolcha flickers and vanishes for a moment.
You scratch Erolcha but do no damage.
Erolcha is heavily wounded.
Erolcha hits you with a +0 giant spiked club!
You scratch Erolcha.
Erolcha is severely wounded.
You barely miss Erolcha.
Erolcha is severely wounded.
Erolcha misses you.
You claw Erolcha!
Erolcha is severely wounded.
You scratch Erolcha.
Erolcha is severely wounded.
Erolcha barely misses you.
You scratch Erolcha.
Erolcha is almost dead.
Erolcha hits you with a +0 giant spiked club!
* * * LOW HITPOINT WARNING * * *
You scratch Erolcha but do no damage.
Erolcha is almost dead.
You barely miss Erolcha.
Erolcha is almost dead.
Erolcha hits you with a +0 giant spiked club!!
You die...

...............##.......
................[....8..
...............###..8.8.
......$........# #.8...8
...............###8..∩..
.........####.#....8...8
.....###.# #.......8.8.
.#O. #O.# #........8..
.....##@## #.......####
.........####........# ##
......................#
.##
#....[.................#
..##
###........##...........##
)..###........©#
#....###...#
............###
#..##.#...# )<#.#......#
.$ ..#. #...#
....#......#.# ..# ##..#


You could see Erolcha (invisible).

Vanquished Creatures
  A deep elf pyromancer (D:7)
  Maurice (D:7)
  Grinder (D:6)
  5 yaks
  A wyvern (D:9)
  4 water moccasins
  A sky beast (D:7)
  An ice beast (D:7)
  2 orc warriors
  A black bear (D:3)
  4 kobold brigands
  A gnoll sergeant (D:8)
  4 necrophages
  4 scorpions
  6 killer bees (D:7)
  A howler monkey (D:7)
  3 jellies
  A gnoll bouda (D:7)
  2 orc priests
  2 hounds (D:5)
  Crazy Yiuf (D:6)
  6 orc wizards
  2 iguanas
  10 gnolls
  10 adders
  A white imp (D:6)
  An ufetubus (D:5)
  2 worms
  4 dart slugs
  16 orcs
  3 ball pythons
  8 endoplasms
  2 giant cockroaches (D:1)
  3 goblins
  3 hobgoblins
  4 jackals
  24 kobolds
  A quokka (D:1)
  8 bats
  3 frilled lizards
  A rat (D:3)
159 creatures vanquished.

Vanquished Creatures (others)
  A kobold (D:9)
1 creature vanquished.

Grand Total: 160 creatures vanquished

Notes
Turn   | Place    | Note
-------+----------+-------------------------------------------
     0 | D:1      | PentaManta the Ghoul Monk began the quest for the Orb.
     0 | D:1      | Reached XP level 1. HP: 19/19 MP: 0/0
   286 | D:1      | Reached XP level 2. HP: 26/26 MP: 1/1
   397 | D:1      | Reached skill level 4 in Unarmed Combat
   971 | D:1      | Reached XP level 3. HP: 28/31 MP: 2/2
  1090 | D:2      | Found an ancient bone altar of Kikubaaqudgha.
  1592 | D:2      | Reached skill level 5 in Unarmed Combat
  1781 | D:2      | Found a faded altar of an unknown god.
  2063 | D:3      | Reached XP level 4. HP: 29/38 MP: 3/3
  2166 | D:3      | Reached skill level 6 in Unarmed Combat
  2390 | D:3      | Reached XP level 5. HP: 40/45 MP: 4/4
  2571 | D:3      | Noticed a black bear
  2606 | D:3      | Killed a black bear
  2607 | D:3      | Reached skill level 7 in Unarmed Combat
  2607 | D:3      | Reached XP level 6. HP: 40/51 MP: 5/5
  3038 | D:3      | Found an iron altar of Okawaru.
  3051 | D:3      | Became a worshipper of Warmaster Okawaru
  3051 | D:3      | Reached * piety under Okawaru
  3051 | D:3      | Reached ** piety under Okawaru
  3626 | D:4      | Reached XP level 7. HP: 47/60 MP: 6/6
  3773 | D:4      | Reached skill level 8 in Unarmed Combat
  4114 | D:5      | Entered Level 5 of the Dungeon
  4275 | D:5      | Reached skill level 5 in Fighting
  4626 | D:5      | Found an opulent altar of Gozag.
  4734 | D:5      | Found a sacrificial altar of Ru.
  4998 | D:6      | Reached XP level 8. HP: 68/70 MP: 7/7
  5003 | D:6      | Reached *** piety under Okawaru
  5048 | D:6      | Reached skill level 9 in Unarmed Combat
  5207 | D:6      | Noticed Grinder
  5213 | D:6      | Paralysed by Grinder for 4 turns
  5224 | D:6      | Killed Grinder
  5862 | D:6      | Found a runed translucent door.
  5863 | D:6      | Noticed Crazy Yiuf
  5985 | D:6      | Killed Crazy Yiuf
  5985 | D:6      | Received a gift from Okawaru
  6379 | D:7      | Found an ornate altar of the Wu Jian Council.
  6443 | D:7      | Found a staircase to the Ecumenical Temple.
  6458 | Temple   | Entered the Ecumenical Temple
  6487 | D:7      | Reached skill level 10 in Unarmed Combat
  6530 | D:7      | Reached XP level 9. HP: 65/81 MP: 8/8
  6971 | D:7      | Found Vodi's General Store.
  7028 | D:7      | Noticed a deep elf pyromancer
  7034 | D:7      | Killed a deep elf pyromancer
  7034 | D:7      | Reached **** piety under Okawaru
  7035 | D:7      | Reached skill level 11 in Unarmed Combat
  7181 | D:7      | Found a sparkling altar of Nemelex Xobeh.
  7324 | D:7      | Found an ancient bone altar of Kikubaaqudgha.
  7422 | D:7      | Found a shimmering altar of Xom.
  7422 | D:7      | Found a stormy altar of Qazlal.
  7564 | D:8      | Reached skill level 1 in Shields
  7804 | D:8      | Noticed Maurice
  7808 | D:8      | HP: 3/85 [yak (13)]
  8168 | D:7      | Reached skill level 10 in Fighting
  8168 | D:7      | Reached XP level 10. HP: 29/93 MP: 9/9
  8179 | D:7      | Killed Maurice
  8179 | D:7      | Reached ***** piety under Okawaru
  8180 | D:7      | Reached skill level 5 in Shields
  8769 | D:8      | Reached skill level 1 in Armour
  9797 | D:9      | Found a one-way gate to the infinite horrors of the Abyss.
  9797 | D:9      | Noticed hackon's ghost (journeyman DjAE)
  9867 | D:9      | Noticed a skeletal warrior
  9870 | D:9      | Found a transporter.
  9899 | D:9      | Found Nudawoxa's Jewellery Boutique.
  9926 | D:9      | Noticed Erolcha
  9927 | Abyss:1  | Cast into level 1 of the Abyss (Erolcha)
  9939 | D:9      | Escaped the Abyss
  9941 | D:9      | Found a transporter.
  9971 | D:9      | Mangled by Erolcha

Illustrated notes

Levels and vault maps discovered:
D:1:      denvon_arrival_waterhouse, layout_loops_corners, roderic_lattice_a
D:2:      layout_loops_cross, basic_altar, serial_co_window_serial,
          co_window_paths_a, co_window_paths_b, co_window_corner_a,
          co_window_paths_a, co_window_corner_a, co_window_broadway_b,
          co_window_of_opportunity_c, co_window_of_opportunity_b, co_window_sun,
          co_window_paths_e, glass_columns_b, glass_columns_c,
          chequers_ecumenical_altar_island
D:3:      layout_basic, okawaru_metal_pillars_1_2
D:4:      layout_rooms, mainiacjoe_overflow_small_starburst, serial_rivers,
          chequers_serial_rivers_small_3, chequers_serial_rivers_micro_e,
          chequers_serial_rivers_micro_d, chequers_serial_rivers_micro_c,
          chequers_serial_rivers_micro_d, chequers_serial_rivers_micro_a,
          kennysheep_decorative_pillar, grunt_ministairs_11
D:5:      layout_loops_ring, lemuel_coloured_pillars_altar,
          general_overflow_altar
D:6:      layout_loops_ring, uniq_grinder, uniq_crazy_yiuf_cottage
D:7:      layout_basic, mainiacjoe_overflow_alcove_2,
          mainiacjoe_overflow_alcove_4, mainiacjoe_overflow_catch_the_wave,
          gammafunk_temple_overflow_wave, minmay_temple_entry_stoned_glass,
          serial_shops, shop_statue, guppyfry_early_elven_hall
D:8:      layout_basic, uniq_maurice
D:9:      layout_rooms, orc_0_dummy, gammafunk_ghost_abyssal_escape,
          serial_shops, nicolae_diamond_shop, uniq_erolcha
Temple:   hellmonk_temple_two_chambers

Skill      XL: |  1  2  3  4  5  6  7  8  9 10 |
---------------+-------------------------------+-----
Unarmed Combat | 4 5 6 7 8 10 11 | 11.0
Fighting       | 4 6 8 10 | 10.7
Shields        | 4 5 |  5.0
Armour         | 3 |  3.1
Dodging        | |  2.6
Stealth        | |  2.1

Action                   |  1- 3 |  4- 6 |  7- 9 | 10-12 || total
-------------------------+-------+-------+-------+-------++-------
Melee: Unarmed           |    89 |   118 |   231 |   128 ||   566
       Punch             |     3 |     4 |    11 |     2 ||    20
Throw: Dart              |       |     1 |     4 |       ||     5
Invok: Heroism           |       |       |       |     2 ||     2
  Use: Scroll            |       |       |    11 |       ||    11
       Potion            |       |       |       |     2 ||     2
 Stab: Sleeping          |     5 |     2 |     2 |       ||     9
Armor: Leather armour    |    22 |    39 |    47 |    11 ||   119
       Ring mail         |       |       |       |    16 ||    16
Dodge: Dodged            |    61 |    71 |   125 |    57 ||   314
Block: Buckler           |       |       |       |    19 ||    19

Table legend: (Time is in decaauts)
 A = Elapsed time spent in this place.
 B = Non-inter-level travel time spent in this place.
 C = Inter-level travel time spent in this place.
 D = Time resting spent in this place.
 E = Time spent auto-exploring this place.
 F = Levels seen in this place.
 G = Mean time per level.
                   A        B        C        D        E       F      G
               +--------+--------+--------+--------+--------+-----+--------+
         Total |   9901 |   9400 |    501 |   1728 |   6292 |  11 |  900.1 |
       Dungeon |   9871 |   9374 |    497 |   1728 |   6282 |   9 | 1096.8 |
        Temple |     17 |     13 |      4 |      0 |     10 |   1 |   17.0 |
         Abyss |     11 |     11 |      0 |      0 |      0 |   1 |   11.0 |
               +--------+--------+--------+--------+--------+-----+--------+

Top non-repeatable levels by time:
     D:7: 2027 daAuts
     D:6: 1327 daAuts
     D:3: 1315 daAuts
     D:1: 1085 daAuts
     D:8: 1077 daAuts
     D:2: 969 daAuts
     D:4: 816 daAuts
     D:5: 809 daAuts
     D:9: 442 daAuts
  Temple: 17 daAuts
 Abyss:1: 11 daAuts
